 Dungeon Crawl Stone Soup version 0.30-a0-458-g86641cc369 (webtiles) character file.

Game seed: 13997744289815963986

1902 kae the Vexing (level 8, -4/40 HPs)
             Began as a Spriggan Enchanter on Dec 14, 2022.
             Was an Initiate of Dithmenos.
             Hit by a large rock thrown by a cyclops (19 damage)
             ... on level 7 of the Dungeon.
             The game lasted 00:09:20 (7313 turns).

kae the Vexing (Spriggan Enchanter)                 Turns: 7313, Time: 00:09:21

Health: -4/40      AC:  3    Str:  3 (4)  XL:     8   Next: 94%
Magic:  0/17       EV: 18    Int: 18 (19) God:    Dithmenos [......]
Gold:   246        SH:  0    Dex: 12 (15) Spells: 7/18 levels left

rFire   . . .      SeeInvis +    a - +1 dagger
rCold   . . .      Faith    .    (no shield)
rNeg    . . .      Spirit   +    p - +1 robe {Will+}
rPois   .          Reflect  .    (helmet restricted)
rElec   .          Harm     .    (no cloak)
rCorr   .          Rampage  .    (gloves unavailable)
Will    ++...                    (boots unavailable)
Stlth   ++++......               G - amulet of guardian spirit
HPRegen 0.26/turn                (no ring)
MPRegen 0.15/turn                (no ring)

@: very quick
A: very small, no large weapons, unfitting armour, see invisible, speed 3
a: Renounce Religion


You were on level 7 of the Dungeon.
You worshipped Dithmenos.
Dithmenos was noncommittal.
You visited 2 branches of the dungeon, and saw 8 of its levels.

You collected 246 gold pieces.


Innate Abilities, Weirdness & Mutations

You are very small and have problems with some larger weapons.
You are too small for most types of armour.
You have supernaturally acute eyesight. (SInv)
You cover ground extremely quickly. (Speed+++)


   Skills:
 + Level 3.1 Fighting
 * Level 6.4 Short Blades
 + Level 5.8 Dodging
 + Level 7.6 Stealth
 + Level 5.5 Spellcasting
 * Level 7.9 Hexes


You had 7 spell levels left.
You knew the following spells:

 Your Spells              Type           Power      Damage    Failure   Level
a - Ensorcelled Hibernat  Hex/Ice        38%        N/A       3%          2
b - Confusing Touch       Hex            33%        N/A       1%          3
c - Tukima's Dance        Hex            33%        N/A       1%          3
d - Dazzling Flash        Conj/Hex       38%        N/A       8%          3

Your spell library contained the following spells:

 Spells                   Type           Power      Damage    Failure   Level
 Magic Dart               Conj           16%        1d3       13%         1
 Call Imp                 Summ           4%         N/A       19%         2
 Mephitic Cloud           Conj/Pois/Air  4%         N/A       36%         3
 Ozocubu's Armour         Ice            4%         N/A       36%         3
 Metabolic Englaciation   Hex/Ice        9%         N/A       56%         5
 Iskenderun's Mystic Bla  Conj/Tloc      4%         2d3       77%         4
 Simulacrum               Ice/Necr       2%         N/A       100%        6
 Starburst                Conj/Fire      2%         6d3       100%        6

Inventory:

Hand Weapons
 a - a +1 dagger (weapon)
Missiles
 e - 87 stones (quivered)
 m - 9 poisoned darts
 r - 3 atropa-tipped darts
 t - 5 boomerangs
 u - 2 throwing nets {=f!f}
 F - a curare-tipped dart {=f}
Armour
 b - a +1 robe
 p - a +1 robe of willpower (worn)
   (You took it off Sigmund on level 3 of the Dungeon)
Magical Staves
 g - a staff of air {!a}
   (You found it on level 2 of the Dungeon)
Jewellery
 C - a ring of ice
   (You found it on level 6 of the Dungeon)
 G - an amulet of guardian spirit (around neck)
   (You found it on level 4 of the Dungeon)
Wands
 n - a wand of flame (25)
   (You found it on level 3 of the Dungeon)
 v - a wand of iceblast (8)
   (You found it on level 3 of the Dungeon)
 z - a wand of light (8)
   (You took it off Blork the orc on level 5 of the Dungeon)
Scrolls
 f - 2 scrolls of noise {!r}
 k - 3 scrolls of vulnerability {!r!r}
 l - a scroll of fear
 o - 2 scrolls of enchant armour
 y - 3 scrolls of teleportation {@r4}
 A - 2 scrolls of fog
 B - a scroll of blinking {!r}
 E - a scroll of immolation {!r!r}
 H - a scroll of identify {@r1}
Potions
 c - 2 potions of invisibility
 d - a potion of might {unknown}
 h - a potion of lignification {!q}
 i - 3 potions of curing {unknown}
 j - 2 potions of heal wounds {@q2}
 q - 2 potions of haste {@q3}
 s - 2 potions of attraction {unknown}
 w - a potion of degeneration {!q}
 D - a potion of flight

Dungeon Overview and Level Annotations

Branches:
Dungeon (7/15) Zot: 26928  Temple (1/1) D:6 Zot: 5932

Altars:
Ashenzari
Cheibriados
Dithmenos
Elyvilon
Fedhas
Gozag
Hepliaklqana
Kikubaaqudgha
Makhleb
Nemelex Xobeh
Okawaru
Qazlal
Ru
Sif Muna
Trog
Uskayaw
Vehumet
Wu Jian
Xom
Yredelemnul
Zin
The Shining One

Annotations:
D:3 Natasha

**************,* ***
..,,,,,,,,,,,*,*******,*
.#**********,*,,,,,,,,,*
..,,,,,,* #.#.#******,*******
.#*****,* #.#.####***,*,,,,,*
.#<* *,* #.#.#..,,,*,*,,,,,* .#,*
*,* #.#.#.#**,*,*,,,,,*
.#.####.*###.#.#c###.#.#,,,,,****
........,.......@......+,,,,,+,,,
.#.####.####.#.#.#.###.#,,,,,****
.#,,.................#,*,,,,,***
.#,***#...##.#.#.#.#.#,,,,,,,,,*
.#,,,,#....#.#.#.#C#,#********,**
.#,**,#......#.#.#,#,*********,,,
.#,,,,#....###.#.#,*,,,,,,,,,*,**
.######....# #.#.#,*********,,,*
,,.........# #.#.#,*********,*,*


You could see a cyclops and a centaur (asleep).


Message History

You open the door.
There is an open door here.
You now have 232 gold pieces (gained 16).
Key pressed, stopping explore.
No target in view!
No target in view!
y - 3 scrolls of teleportation {@r4} (gained 1) Key pressed, stopping explore.
Unknown command. 😎 MP[+6]
Your mp is fully restored (17).
Things that are here:
a +0 short sword; a +2 dagger of speed You see here a +0 dagger.
There is an open door here.
e - 87 stones (gained 5) Done exploring.
Key pressed, stopping explore.
Done exploring.
Key pressed, stopping explore.
Done exploring.
Done exploring.
As you read the scroll of identify {@r1}, it crumbles to dust.
D - a potion of flight
(D) Dungeon (T) Temple
Where to? (Enter - Temple @ (x,y), ? - help)
There is an open door here.
There is a stone staircase leading down here.
You climb downwards.
You hear the roar of battle.
There is an entrance to a bailey on this level.
Hurry and find it before the portal closes forever!
There is a stone staircase leading up here.
Okay, then.
Okay, then.
Found an escape hatch in the floor.
There is an escape hatch in the floor here.
There is an escape hatch in the floor here.
You now have 246 gold pieces (gained 14).
Found a stone staircase leading down.
o - 2 scrolls of enchant armour (gained 1)
H - a scroll of identify {@r1} You hear the faint creaking of a very distant portcullis.
An iguana comes into view.
Unknown command.
An iguana is nearby!
Unknown command.
An iguana is nearby!
The helpless iguana fails to defend itself.
You spit the iguana like a pig!!!
You kill the iguana!
Dithmenos accepts your kill.
You feel your strength returning.
Really read
x - a scroll of magic mapping {!r}?
As you read the scroll of magic mapping {!r}, it crumbles to dust.
You feel aware of your surroundings.
You sensed 1 shop/portal.
A centaur comes into view.
It is wielding the +6 flail of Impatience {flame, Str+2}.
Unknown command.
You see here a wand of flame (10).
n - a wand of flame (25) (gained 10 charges)
The centaur shouts!
The centaur unwields the +6 flail of Impatience {flame, Str+2}.
It stops flaming.
The centaur wields a +0 shortbow.
The centaur shoots an arrow.
The arrow hits you. 😕 HP[-3] MP[-1]
You take 3 damage, and now have 37/40 hp.
You lost 1 mp, and now have 16/17 mp.
The centaur unwields a +0 shortbow.
The centaur wields the +6 flail of Impatience {flame, Str+2}.
It bursts into flame!
The centaur hits you with the +6 flail of Impatience {flame, Str+2}!
The centaur burns you. The centaur misses you. 😮 HP[-7] MP[-5]
You take 7 damage, and now have 30/40 hp.
You lost 5 mp, and now have 11/17 mp.
Casting: Ensorcelled Hibernation (safe; 3% risk of failure)
Confirm with . or Enter, or press ? or * to list all spells.
Aiming: Ensorcelled Hibernation (safe; 3% risk of failure)
Press: ? - help, Shift-Dir - straight line, f - centaur
Aim: a centaur, wielding the +6 flail of Impatience {flame, Str+2} (chance to affect: 51%)
The centaur resists with significant effort.
The centaur closely misses you. x2
A cyclops comes into view.
The centaur hits you with the +6 flail of Impatience {flame, Str+2}!
* * * LOW HITPOINT WARNING * * *
The centaur burns you.
* * * LOW HITPOINT WARNING * * *
The centaur kicks you but does no damage. 😨 HP[-15] MP[-6]
You take 15 damage, and now have 15/40 hp.
MASSIVE DAMAGE!! (PAUSE)
You lost 6 mp, and now have 5/17 mp.
Casting: Ensorcelled Hibernation (safe; 3% risk of failure)
Confirm with . or Enter, or press ? or * to list all spells.
Aiming: Ensorcelled Hibernation (safe; 3% risk of failure)
Press: ? - help, Shift-Dir - straight line, f/p - centaur
Aim: a centaur, wielding the +6 flail of Impatience {flame, Str+2} (chance to affect: 51%)
The centaur looks drowsy...
The cyclops shouts!
The cyclops throws a large rock.
The large rock hits you!!
You die...

Skill      XL: |  1  2  3  4  5  6  7  8 |
---------------+-------------------------+-----
Hexes          | 4 5 6 7 |  7.9
Dodging        | 3 4 5 |  5.8
Spellcasting   | 3 4 5 |  5.5
Short Blades   | 2 3 4 5 6 |  6.4
Fighting       | 1 2 3 |  3.1
Stealth        | 5 6 7 |  7.6

Action                   |  1- 3 |  4- 6 |  7- 9 || total
-------------------------+-------+-------+-------++-------
Melee: Dagger            |   110 |   176 |   192 ||   478
       Punch             |       |     2 |     2 ||     4
 Cast: Ensorcelled Hiber |    19 |    56 |    47 ||   122
       Confusing Touch   |       |     2 |     6 ||     8
  Use: Scroll            |     5 |     8 |     4 ||    17
       Potion            |       |       |     1 ||     1
 Stab: Sleeping          |    23 |    32 |    28 ||    83
       Confused          |       |       |     4 ||     4
Armor: Robe              |     9 |    28 |    16 ||    53
Dodge: Dodged            |    87 |   175 |   148 ||   410

Levels and vault maps discovered:
D:1:      dpeg_arrival_arbitrary_b, layout_basic, dreamdust_mushroom_princess
D:2:      layout_basic
D:3:      layout_basic, kennysheep_generic_room_12, uniq_robin, uniq_natasha,
          uniq_sigmund
D:4:      minmay_angry_zag, layout_basic, nemelex_dance_club_becter,
          marbit_many_paths, nrook_campfire
D:5:      layout_loops_ring, mainiacjoe_overflow_catwalk_spiral,
          ebering_ghost_sewer_f, st_stairs_9, uniq_grinder, uniq_menkaure,
          uniq_blork_the_orc
D:6:      layout_basic, minmay_temple_entry_arrows, dk_noncrumbling_3,
          minmay_misc_feat_diagonals
D:7:      layout_basic, enter_bailey_2, kennysheep_generic_room_11
Temple:   nicolae_temple_no_exploring_needed

Notes
Turn   | Place    | Note
-------+----------+-------------------------------------------
     0 | D:1      | kae the Spriggan Enchanter began the quest for the Orb.
     0 | D:1      | Reached XP level 1. HP: 9/9 MP: 5/5
     0 | D:1      | magus.rc [v1.11.3]
   205 | D:1      | Reached XP level 2. HP: 13/13 MP: 6/6
   277 | D:1      | Learned a level 2 spell: Ensorcelled Hibernation
   282 | D:1      | You pick up a book of Spectacle and begin reading...
   282 | D:1      | You add the spells Iskenderun's Mystic Blast and Starburst
                  | to your library.
   305 | D:1      | Reached skill level 4 in Hexes
   423 | D:1      | Reached skill level 3 in Dodging
   474 | D:1      | Reached skill level 3 in Spellcasting
   833 | D:2      | Reached XP level 3. HP: 17/17 MP: 8/8
   917 | D:2      | Reached skill level 2 in Short Blades
   917 | D:2      | HP: 4/17 [poisoned by an adder]
   922 | D:2      | HP: 2/17 [poisoned by an adder]
  1038 | D:2      | You pick up a book of Winter and begin reading...
  1038 | D:2      | You add the spells Ozocubu's Armour, Metabolic Englaciation
                  | and Simulacrum to your library.
  1150 | D:2      | HP: 3/17 [quokka (3)]
  1890 | D:2      | Reached XP level 4. HP: 19/21 MP: 9/9
  1902 | D:2      | Learned a level 3 spell: Confusing Touch
  1906 | D:2      | Learned a level 3 spell: Tukima's Dance
  1973 | D:3      | Noticed Sigmund
  2000 | D:3      | Killed Sigmund
  2001 | D:3      | Reached skill level 1 in Fighting
  2001 | D:3      | Reached skill level 3 in Short Blades
  2001 | D:3      | Reached skill level 5 in Stealth
  2001 | D:3      | Reached skill level 5 in Hexes
  2001 | D:3      | Reached XP level 5. HP: 23/25 MP: 5/11
  2068 | D:3      | Identified the +6 war axe "Wanawul" {flame, rElec Str+4}
  2186 | D:3      | Noticed Robin
  2349 | D:3      | Noticed Natasha
  2615 | D:3      | Identified the +0 ring mail of Privacy {rC+}
  2689 | D:2      | Reached XP level 6. HP: 18/30 MP: 0/12
  3176 | D:3      | Killed Robin
  3488 | D:3      | Learned a level 3 spell: Dazzling Flash
  3886 | D:4      | Found a shimmering altar of Xom.
  4066 | D:4      | Reached skill level 4 in Dodging
  4066 | D:4      | Reached skill level 4 in Spellcasting
  4070 | D:4      | Found a sparkling altar of Nemelex Xobeh.
  4513 | D:5      | Entered Level 5 of the Dungeon
  4517 | D:5      | Noticed a water moccasin
  4545 | D:4      | Killed a water moccasin
  4546 | D:4      | Reached skill level 4 in Short Blades
  4546 | D:4      | Reached skill level 6 in Stealth
  4546 | D:4      | Reached XP level 7. HP: 32/34 MP: 1/14
  4639 | D:5      | Reached skill level 2 in Fighting
  4639 | D:5      | Reached skill level 6 in Hexes
  4694 | D:5      | Found a burning altar of Makhleb.
  4696 | D:5      | Found a snail-covered altar of Cheibriados.
  4726 | D:5      | Noticed Menkaure
  4733 | D:5      | Killed Menkaure
  4867 | D:5      | Found a runed translucent door.
  4912 | D:5      | Noticed heinrich's ghost (novice DsGl)
  4985 | D:5      | Found a runed translucent door.
  5352 | D:5      | Reached skill level 5 in Short Blades
  5470 | D:5      | Reached XP level 8. HP: 39/39 MP: 10/16
  5653 | D:5      | Noticed Grinder
  5679 | D:5      | Killed Grinder
  5680 | D:5      | Reached skill level 5 in Dodging
  5680 | D:5      | Reached skill level 7 in Hexes
  5699 | D:5      | Noticed Blork the orc
  5708 | D:5      | Killed Blork the orc
  5709 | D:5      | Reached skill level 7 in Stealth
  5709 | D:5      | Reached skill level 5 in Spellcasting
  6005 | D:5      | Killed heinrich's ghost
  6006 | D:5      | Reached skill level 6 in Short Blades
  6157 | D:6      | Found a staircase to the Ecumenical Temple.
  6175 | D:6      | Reached skill level 3 in Fighting
  6192 | Temple   | Entered the Ecumenical Temple
  6257 | Temple   | Became a worshipper of Dithmenos the Shadowed
  6404 | D:6      | Identified the +1 ring mail of Dad Utra {Regen+ Str-2
                  | Dex+2}
  6446 | D:6      | You pick up a book of Minor Magic and begin reading...
  6446 | D:6      | You add the spells Magic Dart, Call Imp and Mephitic Cloud
                  | to your library.
  7305 | D:7      | Identified the +6 flail of Impatience {flame, Str+2}
  7312 | D:7      | Noticed a cyclops
  7313 | D:7      | Hit by a large rock thrown by a cyclops

Vanquished Creatures
  The ghost of heinrich the Poker, a novice DsGl (D:5)
  Grinder (D:5)
  Sigmund (D:3)
  Menkaure (D:5)
  A water moccasin (D:4)
  A black bear (D:5)
  An ogre (D:5)
  2 kobold brigands (D:6)
  Blork the orc (D:5)
  A scorpion (D:5)
  A howler monkey (D:4)
  A jelly (D:6)
  3 hounds
  2 orc priests (D:5)
  2 iguanas
  2 orc wizards
  Robin (D:3)
  4 gnolls
  A river rat (D:5)
  7 adders
  A shadow imp (D:5)
  2 ufetubi
  5 worms
  4 dart slugs
  12 orcs
  8 ball pythons
  7 endoplasms
  A giant cockroach (D:3)
  15 goblins
  8 hobgoblins
  7 jackals
  18 kobolds
  4 quokkas
  4 bats
  6 frilled lizards
  4 rats
141 creatures vanquished.

Vanquished Creatures (others)
  A goblin (D:3)
  3 fungi (D:1)
4 creatures vanquished.

Grand Total: 145 creatures vanquished

Table legend:
 A = Non-vault XP
 B = Vault XP
 C = Vault XP percentage of total XP
 D = Non-vault monster count
 E = Vault monster count
 F = Vault count percentage of total count
                 A         B        C        D         E       F
            +---------+---------+-------+---------+---------+-------
      Total |    1142 |    1576 |  58.0 |     111 |      30 |  21.3
            +---------+---------+-------+---------+---------+-------
        D:1 |      38 |       0 |   0.0 |      24 |       0 |   0.0
        D:2 |     104 |       0 |   0.0 |      20 |       0 |   0.0
        D:3 |      29 |     268 |  90.2 |       8 |      14 |  63.6
        D:4 |     112 |     222 |  66.5 |      19 |       9 |  32.1
        D:5 |     419 |    1086 |  72.2 |      19 |       7 |  26.9
        D:6 |     403 |       0 |   0.0 |      20 |       0 |   0.0
        D:7 |      37 |       0 |   0.0 |       1 |       0 |   0.0
            +---------+---------+-------+---------+---------+-------

Illustrated notes

Table legend:
 A = Kills in this place as a percentage of kills in entire the game.
 B = Kills by you in this place as a percentage of kills by you in the entire game.
 C = Kills by friends in this place as a percentage of kills by friends in the entire game.
 D = Other kills in this place as a percentage of other kills in the entire game.
 E = Experience gained in this place as a percentage of experience gained in the entire game.
 F = Experience gained in this place divided by the number of levels of this place that you have seen.
                   A       B       C       D       E      F
               +-------+-------+-------+-------+-------+----------------------
         Total | 100.0 | 100.0 |   N/A | 100.0 | 100.0 | 339.8
       Dungeon | 100.0 | 100.0 |   N/A | 100.0 | 100.0 | 388.3
               +-------+-------+-------+-------+-------+----------------------

Table legend: (Time is in decaauts)
 A = Elapsed time spent in this place.
 B = Non-inter-level travel time spent in this place.
 C = Inter-level travel time spent in this place.
 D = Time resting spent in this place.
 E = Time spent auto-exploring this place.
 F = Levels seen in this place.
 G = Mean time per level.
                   A        B        C        D        E       F      G
               +--------+--------+--------+--------+--------+-----+--------+
         Total |   5468 |   5377 |     91 |    857 |   3271 |   8 |  683.5 |
       Dungeon |   5400 |   5312 |     88 |    799 |   3271 |   7 |  771.4 |
        Temple |     68 |     65 |      3 |     58 |      0 |   1 |   68.0 |
               +--------+--------+--------+--------+--------+-----+--------+

Top non-repeatable levels by time:
     D:4: 1034 daAuts
     D:3: 997 daAuts
     D:2: 976 daAuts
     D:5: 940 daAuts
     D:6: 750 daAuts
     D:1: 630 daAuts
     D:7: 71 daAuts
  Temple: 68 daAuts
